 Dungeon Crawl Stone Soup version 0.29-a0-1052-g6990b1bffc (webtiles) character file.

Game seed: 11966624270986863231

49 SensoryNuts the Trooper (level 3, 0/40 HPs)
             Began as an Ogre Fighter on Aug 17, 2022.
             Slain by an orc
             ... wielding a +0 trident
              (4 damage)
             ... on level 3 of the Dungeon.
             The game lasted 00:01:31 (1161 turns).

SensoryNuts the Trooper (Ogre Fighter)              Turns: 1161, Time: 00:01:31

Health: 0/40       AC:  3    Str: 22    XL:     3   Next: 75%
Magic:  3/3        EV:  8    Int:  9    God:
Gold:   84         SH:  7    Dex:  8    Spells: 2/2 levels left

rFire   . . .      SeeInvis .   a - +0 trident
rCold   . . .      Faith    .   c - +0 kite shield
rNeg    . . .      Spirit   .   b - +0 robe
rPois   .          Reflect  .   (helmet restricted)
rElec   .          Harm     .   (no cloak)
rCorr   .          Rampage  .   (gloves unavailable)
Will    .....                   (boots unavailable)
Stlth   +.........              (no amulet)
HPRegen 0.13/turn               (no ring)
MPRegen 0.08/turn               (no ring)

@: mighty, on berserk cooldown, slowed, very slow
A: large, unfitting armour, tough skin 1
a: no special abilities


You were on level 3 of the Dungeon.
You visited 1 branch of the dungeon, and saw 3 of its levels.

You collected 84 gold pieces.

Inventory:

Hand Weapons
 a - a +0 trident (weapon)
Armour
 b - a +0 robe (worn)
 c - a +0 kite shield (worn)
 m - an orb of light
Scrolls
 e - a scroll of immolation {unknown}
 f - a scroll of enchant armour {unknown}
 h - 2 scrolls of identify {unknown}
 i - a scroll of poison {unknown}
 j - a scroll of silence {unknown}
Potions
 k - a potion of flight {unknown}


   Skills:
 + Level 4.3 Fighting
 + Level 2.4 Polearms
 + Level 3.2 Dodging
 + Level 0.7 Stealth
 + Level 3.3 Shields


You had 2 spell levels left.
You didn't know any spells.
Your spell library contained the following spells:

 Spells                   Type           Power      Damage    Failure   Level
 Tukima's Dance           Hex            0%         N/A       96%         3
 Passage of Golubria      Tloc           0%         N/A       100%        4
 Yara's Violent Unravell  Hex/Tmut       0%         3d3       100%        5


Dungeon Overview and Level Annotations

Branches:
Dungeon (3/15)

Altars:


Innate Abilities, Weirdness & Mutations

You are too large for most types of armour.
You have tough skin. (AC +1)


Message History

Unknown command.
You feel very mighty all of a sudden. The orc closely misses you.
The orc hits you from afar with a +0 trident.
* * * LOW HITPOINT WARNING * * *
It was a potion of ambrosia.
You are confused.
You feel invigorated. The orc barely misses you.
The orc hits you from afar with a +0 trident.
* * * LOW HITPOINT WARNING * * *
It was a potion of berserk rage.
A red film seems to cover your vision as you go berserk!
You feel yourself moving faster!
You feel mighty! The orc hits you with a +0 whip.
* * * LOW HITPOINT WARNING * * *
The orc hits you from afar with a +0 trident.
* * * LOW HITPOINT WARNING * * *
You bump into the rock wall.
You feel a strong urge to attack something.
The orc hits you with a +0 whip.
* * * LOW HITPOINT WARNING * * *
The orc hits you from afar with a +0 trident.
* * * LOW HITPOINT WARNING * * *
You bump into the rock wall.
The orc hits you with a +0 whip.
* * * LOW HITPOINT WARNING * * *
The orc barely misses you.
You barely miss the orc.
The orc is heavily wounded.
You feel less invigorated.
You feel less confused. The orc closely misses you.
The rat twitches its whiskers.
The orc hits you but does no damage.
You puncture the orc!
You kill the orc!
You are no longer berserk.
You are exhausted.
You feel yourself slow down. The rat bites you but does no damage.
The orc hits you with a +0 trident.
You die...

..##....####.##
#.........#.#
#.....)>..#.#
#.........#.#
...........#(#
.....#######.#
###.. #.# #..
#.# #. #@#
#).or# #..##..#
.. ##.# ... .[.
... .....


You could see an orc and a rat.

Vanquished Creatures
  A gnoll (D:2)
  A dart slug (D:2)
  3 orcs (D:3)
  3 ball pythons
  5 bats
  An endoplasm (D:3)
  A giant cockroach (D:1)
  2 goblins
  6 jackals
  A frilled lizard (D:2)
  4 kobolds
  3 rats
31 creatures vanquished.

Notes
Turn   | Place    | Note
-------+----------+-------------------------------------------
     0 | D:1      | SensoryNuts the Ogre Fighter began the quest for the Orb.
     0 | D:1      | Reached XP level 1. HP: 24/24 MP: 1/1
   321 | D:1      | Reached XP level 2. HP: 32/32 MP: 2/2
   771 | D:2      | Reached XP level 3. HP: 39/39 MP: 3/3
  1075 | D:2      | You fall into a shaft and drop 1 floor!
  1157 | D:3      | HP: 2/58 [orc/+0 trident (1)]
  1161 | D:3      | Slain by an orc

Illustrated notes

Levels and vault maps discovered:
D:1:      lemuel_arrival_lava_pool, layout_loops_cross
D:2:      layout_rooms, shapermc_ecumenical_altar_ellora, due_unseen_surprise
D:3:      layout_rooms, lemuel_another_geyser

Skill      XL: |  1 |
---------------+----+-----
Dodging        | 3 |  3.2
Fighting       | |  4.3
Polearms       | |  2.4
Stealth        | |  0.7
Shields        | |  3.3

Action                   || total
-------------------------++-------
Melee: Trident           ||    95
  Use: Potion            ||     3
 Stab: Sleeping          ||     3
Armor: Robe              ||    34
Dodge: Dodged            ||    41
Block: Kite shield       ||    30

Table legend: (Time is in decaauts)
 A = Elapsed time spent in this place.
 B = Non-inter-level travel time spent in this place.
 C = Inter-level travel time spent in this place.
 D = Time resting spent in this place.
 E = Time spent auto-exploring this place.
 F = Levels seen in this place.
 G = Mean time per level.
                   A        B        C        D        E       F      G
               +--------+--------+--------+--------+--------+-----+--------+
         Total |   1190 |   1106 |     84 |      0 |    887 |   3 |  396.7 |
       Dungeon |   1190 |   1106 |     84 |      0 |    887 |   3 |  396.7 |
               +--------+--------+--------+--------+--------+-----+--------+

Top non-repeatable levels by time:
     D:1: 722 daAuts
     D:2: 378 daAuts
     D:3: 88 daAuts
